 Dungeon Crawl Stone Soup version 0.26.1-2-gb8aa6d0cf2 (webtiles) character file.

Game seed: 1172609298394501411

92062 Eitelfritz the Tortoise (level 15, -3/141 HPs)
             Began as a Minotaur Gladiator on Feb 27, 2021.
             Was the Champion of Makhleb.
             Slain by a wolf spider (7 damage)
             ... on level 1 of the Spider Nest.
             The game lasted 01:31:58 (28741 turns).

Eitelfritz the Tortoise (Minotaur Gladiator)       Turns: 28741, Time: 01:31:59

Health: -3/141     AC: 35    Str: 21    XL:     15   Next: 56%
Magic:  19/19      EV:  8    Int:  9    God:    Makhleb [******]
Gold:   1494       SH:  0    Dex: 17    Spells: 14/14 levels left

rFire    + . .     SeeInvis .   a - +6 scimitar (flame)
rCold    + . .     Faith    .   (no shield)
rNeg     + + .     Spirit   .   Q - +4 gold dragon scales
rPois    +         Reflect  .   A - +2 hat of the Original Sin {-Cast Harm +Blink rN++}
rElec    .         Harm     +   p - +0 cloak {rCorr}
rCorr    +         Rampage  .   u - +0 pair of gloves
Will     ++...     NoCast   +   i - +2 pair of boots {run}
Stlth    ..........             H - amulet "Duehulle" {Regen+ Dex+5}
HPRegen  0.73/turn              L - ring of willpower
MPRegen  0.16/turn              y - +4 ring of slaying

@: quick
A: retaliatory headbutt, horns 2
a: Renounce Religion, Evoke Blink, Minor Destruction, Lesser Servant of Makhleb,
Major Destruction, Greater Servant of Makhleb


You were on level 1 of the Spider Nest.
You worshipped Makhleb.
Makhleb was exalted by your worship.
You visited 5 branches of the dungeon, and saw 23 of its levels.
You also visited: Ice Cave.

You collected 2967 gold pieces.
You spent 1473 gold pieces at shops.

Inventory:

Hand Weapons
 a - a +6 scimitar of flaming (weapon)
 b - a +0 longbow
Missiles
 d - 3 throwing nets (quivered)
 l - 361 arrows
Armour
 c - a +2 hat
 i - a +2 pair of boots of running (worn)
 p - a +0 cloak of preservation (worn)
 u - a +0 pair of gloves (worn)
 A - the +2 hat of the Original Sin (worn) {-Cast Harm +Blink rN++}
   (You found it on level 5 of the Lair of Beasts)

   It greatly protects you from negative energy.
   It lets you blink.
   It prevents spellcasting.
   It increases damage dealt and taken.
 Q - +4 gold dragon scales (worn)
Jewellery
 f - an uncursed ring of flight
 j - the amulet "Pawaceli" {Spirit rElec rC+++ Dex-5 SInv}
   (You found it in an ice cave)

   [amulet of guardian spirit]

   It causes incoming damage to be split between your health and magic.
   It affects your dexterity (-5).
   It renders you almost immune to cold.
   It insulates you from electricity.
   It lets you see invisible.
 y - a +4 ring of slaying (right hand)
 B - an uncursed ring of stealth
 G - a +4 ring of evasion
 H - the amulet "Duehulle" (around neck) {Regen+ Dex+5}
   (You found it on level 4 of the Lair of Beasts)

   [amulet of regeneration]

   It affects your dexterity (+5).
   It increases your rate of regeneration.
 L - a ring of willpower (left hand)
Wands
 k - a wand of paralysis (7)
 n - a wand of enslavement (14)
 s - a wand of flame (21)
 E - a wand of polymorph (31)
 N - a wand of disintegration (38)
 R - a wand of iceblast (10)
 W - a wand of acid (4)
Scrolls
 g - a scroll of enchant weapon
 o - 2 scrolls of magic mapping
 t - 2 scrolls of fear
 v - 3 scrolls of amnesia
 x - a scroll of silence
 z - 3 scrolls of fog
 K - 5 scrolls of teleportation
 V - 5 scrolls of remove curse
Potions
 e - 4 potions of invisibility
 h - 5 potions of magic
 r - a potion of berserk rage
 w - 5 potions of curing
 D - a potion of haste
 F - a potion of cancellation {unknown}
 S - a potion of brilliance
 U - 2 potions of resistance


   Skills:
 + Level 15.5 Fighting
 + Level 16.8 Long Blades
 + Level 7.8 Bows
 + Level 2.0 Throwing
 + Level 18.1 Armour
 + Level 5.6 Dodging
 + Level 3.2 Stealth
 * Level 7.7 Invocations
 * Level 1.7 Evocations


You had 14 spell levels left.
You didn't know any spells.
Your spell library contained the following spells:

 Spells                   Type           Power        Failure   Level
 Animate Skeleton         Necr           0%           100%        1
 Apportation              Tloc           0%           100%        1
 Beastly Appendage        Tmut           0%           100%        1
 Corona                   Hex            0%           100%        1
 Foxfire                  Conj/Fire      0%           100%        1
 Magic Dart               Conj           0%           100%        1
 Summon Small Mammal      Summ           0%           100%        1
 Blink                    Tloc           N/A          100%        2
 Call Imp                 Summ           0%           100%        2
 Ensorcelled Hibernation  Hex/Ice        0%           100%        2
 Slow                     Hex            0%           100%        2
 Wereblood                Tmut           0%           100%        2
 Confusing Touch          Hex            0%           100%        3
 Conjure Flame            Conj/Fire      0%           100%        3
 Dazzling Flash           Conj/Hex       0%           100%        3
 Inner Flame              Hex/Fire       0%           100%        3
 Mephitic Cloud           Conj/Pois/Air  0%           100%        3
 Spider Form              Tmut/Pois      0%           100%        3
 Tukima's Dance           Hex            0%           100%        3
 Ice Form                 Ice/Tmut       0%           100%        4
 Sticky Flame             Conj/Fire      0%           100%        4
 Blade Hands              Tmut           0%           100%        5
 Bolt of Magma            Conj/Fire/Erth 0%           100%        5
 Fireball                 Conj/Fire      0%           100%        5
 Iskenderun's Battlesphe  Conj           0%           100%        5
 Iron Shot                Conj/Erth      0%           100%        6
 Orb of Destruction       Conj           0%           100%        7
 Spellforged Servitor     Conj/Summ      0%           100%        7


Dungeon Overview and Level Annotations

Branches:
Dungeon (13/15)            Temple (1/1) D:7            Lair (6/6) D:9
  Swamp (0/4) Lair:4       Spider (1/4) Lair:2        Slime (0/5) Lair:5
    Orc (2/2) D:10            Elf (0/3) Orc:2         IceCv (visited)
 Vaults: D:13-14

Altars:
Ashenzari
Cheibriados
Dithmenos
Elyvilon
Fedhas
Gozag
Hepliaklqana
Kikubaaqudgha
Makhleb
Nemelex Xobeh
Okawaru
Qazlal
Ru
Sif Muna
Trog
Uskayaw
Vehumet
Wu Jian
Xom
Yredelemnul
Zin
The Shining One
Jiyva

Shops:
D:4 (   D:5 [   D:11 }[

Annotations:
D:5 exclusion: oklob plant
Lair:5 1 runed translucent door


Innate Abilities, Weirdness & Mutations

You reflexively headbutt those who attack you in melee.
You have a pair of horns on your head.


Message History

The wolf spider hits you but does no damage.
The wolf spider bites you!
* * * LOW HITPOINT WARNING * * *
The wolf spider closely misses you.
The wolf spider bites you but does no damage.
The wolf spider hits you.
* * * LOW HITPOINT WARNING * * *
The wolf spider bites you but does no damage.
You feel sick.
The wolf spider hits you but does no damage.
The wolf spider bites you but does no damage.
The wolf spider hits you but does no damage.
The wolf spider bites you!
* * * LOW HITPOINT WARNING * * *
You feel better. The wolf spider hits you!
* * * LOW HITPOINT WARNING * * *
The wolf spider bites you but does no damage.
The wolf spider hits you but does no damage.
The wolf spider bites you.
You die...

##.............#.......
#..............#...(...
#...###.......##.......
#....^#####..####......
##.....#..####..####..#
#..[......#..^..######
#####..)...#..<.##.....
...#..^##....##....#......
......†ys@..###.......†..^
#.......s..## ###.).......
#..)......## #........#.
###......## #........#.
######## ###########


You could see 2 wolf spiders and a moth of wrath.

Vanquished Creatures
  Gastronok (Orc:1)
  2 orc warlords
  A dire elephant (Lair:6)
  Josephine (Lair:4)
  The ghost of Kyusiynim the Covert, a journeyman GnEn (Lair:4)
  2 ice dragons (IceCv)
  3 boulder beetles
  Erica (Orc:1)
  A death knight (D:12)
  15 hydras
  2 catoblepae
  6 two-headed ogres
  3 death yaks (Lair:6)
  A skeletal warrior (D:11)
  2 unseen horrors
  3 lindwurms (Lair:6)
  An orb spider (Spider:1)
  2 oklob plants (Lair:2)
  3 orc knights
  2 orc sorcerers
  3 wolf spiders
  3 cyclopes
  2 manticores (Lair:6)
  3 ugly things (D:11)
  10 elephants
  3 black mambas (Lair:3)
  3 ice statues
  A gargoyle (D:11)
  9 komodo dragons
  Maggie (D:6)
  A freezing wraith (D:11)
  12 cane toads
  7 rime drakes
  2 demonic crawlers (Spider:1)
  An ice devil (Lair:3)
  5 trolls
  5 jumping spiders
  2 polar bears (Lair:3)
  A hornet (D:11)
  A spectral dream sheep (Lair:4)
  Prince Ribbit (D:7)
  19 blink frogs
  10 dream sheep
  Grinder (D:6)
  21 redbacks
  8 tarantellas
  8 wyverns
  5 wraiths
  Sigmund (D:3)
  A fire elemental (D:8)
  25 yaks
  A spectral komodo dragon (Lair:4)
  3 fire bats (D:8)
  Grum (D:9)
  Eustachio (D:6)
  2 death yak simulacra (Lair:4)
  A steam dragon (D:11)
  4 basilisks
  Menkaure (D:5)
  3 wargs
  A swamp worm (Lair:4)
  An acid dragon (D:12)
  14 water moccasins
  A hell hound (D:8)
  A hydra simulacrum (Lair:4)
  23 orc warriors
  3 sky beasts
  24 ice beasts
  2 black bears
  14 ogres
  A phantom (D:4)
  2 necrophages (D:9)
  A black mamba simulacrum (Lair:4)
  An eye of draining (D:12)
  44 wolves
  8 centaurs
  A big kobold (D:9)
  14 bullfrogs
  3 scorpions
  3 killer bees (D:9)
  21 wights
  6 howler monkeys
  10 electric eels
  2 lava snakes (Lair:4)
  2 jellies (D:8)
  2 bullfrog skeletons
  11 orc priests
  9 hounds
  27 orc wizards
  2 centaur skeletons (D:12)
  Terence (D:2)
  4 iguanas
  6 hell rats (Lair:2)
  11 worker ants
  A hound zombie (D:8)
  A hound skeleton (D:5)
  A howler monkey zombie (D:5)
  3 gnolls (D:6)
  17 adders
  2 shadow imps
  7 white imps
  3 ufetubi
  An adder zombie (D:7)
  2 worms
  3 dart slugs
  13 leopard geckos
  65 orcs
  3 giant cockroaches
  10 goblins
  4 hobgoblins
  2 jackals (D:2)
  3 quokkas
  3 ball pythons
  6 bats
  3 frilled lizards
  16 kobolds
  A leopard gecko skeleton (D:5)
  2 quokka skeletons
  8 rats
701 creatures vanquished.

Vanquished Creatures (others)
  4 dream sheep (Lair:5)
  An orc (D:12)
  15 fungi
  35 plants
55 creatures vanquished.

Grand Total: 756 creatures vanquished

Notes
Turn   | Place    | Note
-------+----------+-------------------------------------------
     0 | D:1      | Eitelfritz the Minotaur Gladiator began the quest for the
                  | Orb.
     0 | D:1      | Reached XP level 1. HP: 18/18 MP: 0/0
   285 | D:1      | Reached XP level 2. HP: 25/25 MP: 1/1
   906 | D:2      | Reached XP level 3. HP: 30/30 MP: 2/2
  1097 | D:2      | Reached skill level 5 in Long Blades
  1352 | D:2      | Found a hide-covered altar of Uskayaw.
  1352 | D:2      | Found a shimmering blue altar of Sif Muna.
  1485 | D:2      | Found an ornate altar of the Wu Jian Council.
  1503 | D:2      | Noticed Terence
  1512 | D:2      | Killed Terence
  1513 | D:2      | Reached XP level 4. HP: 18/38 MP: 3/3
  1730 | D:2      | Found a shimmering blue altar of Sif Muna.
  2066 | D:3      | Found a broken altar of Ashenzari.
  2157 | D:3      | Noticed Sigmund
  2179 | D:3      | Killed Sigmund
  2180 | D:3      | Reached skill level 2 in Armour
  2180 | D:3      | Reached XP level 5. HP: 18/46 MP: 4/4
  2895 | D:3      | Found a hazy altar of Hepliaklqana.
  3347 | D:4      | Reached skill level 3 in Armour
  3347 | D:4      | Reached XP level 6. HP: 45/52 MP: 5/5
  3412 | D:4      | Found Eheawaru's Antique Weapon Boutique.
  3609 | D:4      | Found a transporter.
  3614 | D:4      | Found a transporter.
  3614 | D:4      | Found a glowing golden altar of the Shining One.
  3883 | D:4      | Reached skill level 1 in Stealth
  3893 | D:4      | Reached skill level 4 in Armour
  3899 | D:4      | Reached XP level 7. HP: 35/59 MP: 6/6
  4040 | D:4      | Found an ancient bone altar of Kikubaaqudgha.
  4610 | D:5      | Entered Level 5 of the Dungeon
  4617 | D:5      | Found an iron altar of Okawaru.
  4621 | D:5      | Noticed Menkaure
  4623 | D:5      | Found a radiant altar of Vehumet.
  4628 | D:5      | Killed Menkaure
  4629 | D:5      | Reached skill level 5 in Armour
  4710 | D:5      | Reached skill level 6 in Armour
  4865 | D:5      | Reached XP level 8. HP: 46/67 MP: 7/7
  5405 | D:5      | Reached skill level 5 in Fighting
  5438 | D:5      | Found Runtil's Armour Shoppe.
  5560 | D:5      | Found a blossoming altar of Fedhas.
  5575 | D:5      | Noticed an oklob plant
  5882 | D:6      | Noticed Grinder
  5895 | D:6      | Killed Grinder
  5896 | D:6      | Reached skill level 7 in Armour
  5958 | D:6      | Noticed Eustachio
  5970 | D:6      | Killed Eustachio
  6292 | D:6      | Noticed Maggie
  6302 | D:6      | Killed Maggie
  6303 | D:6      | Reached skill level 8 in Armour
  6303 | D:6      | Reached XP level 9. HP: 64/75 MP: 8/8
  6422 | D:6      | Reached skill level 10 in Long Blades
  8179 | D:6      | Reached skill level 1 in Bows
 10568 | D:7      | Reached skill level 9 in Armour
 10628 | D:7      | Found a staircase to the Ecumenical Temple.
 10809 | D:7      | Reached skill level 5 in Bows
 11068 | D:7      | Noticed Prince Ribbit
 11086 | D:7      | Killed Prince Ribbit
 11219 | D:7      | Found a burning altar of Makhleb.
 11381 | D:7      | Found an opulent altar of Gozag.
 11385 | D:7      | Found a glowing silver altar of Zin.
 11898 | Temple   | Entered the Ecumenical Temple
 11983 | Temple   | Became a worshipper of Makhleb the Destroyer
 12233 | D:8      | Reached XP level 10. HP: 84/84 MP: 9/9
 12252 | D:8      | Found a transporter.
 12291 | D:8      | Reached skill level 1 in Invocations
 12471 | D:8      | Found a broken altar of Ashenzari.
 13006 | D:8      | Found a transporter.
 13076 | D:8      | Noticed a two-headed ogre
 13085 | D:8      | Killed a two-headed ogre
 13332 | D:8      | HP: 4/86 [fire elemental (6)]
 13334 | D:8      | Reached skill level 10 in Armour
 13762 | D:9      | Reached skill level 5 in Dodging
 13873 | D:9      | Reached * piety under Makhleb
 14209 | D:9      | Reached skill level 11 in Armour
 14293 | D:9      | Found a staircase to the Lair.
 14302 | D:9      | Noticed Grum
 14311 | D:9      | Reached XP level 11. HP: 94/94 MP: 12/12
 14330 | D:9      | Killed Grum
 14330 | D:9      | Reached ** piety under Makhleb
 14639 | D:9      | Noticed a two-headed ogre
 14646 | D:9      | Killed a two-headed ogre
 14669 | D:10     | Entered Level 10 of the Dungeon
 14837 | D:10     | Noticed a two-headed ogre
 14850 | D:10     | Killed a two-headed ogre
 14927 | D:10     | Found a staircase to the Orcish Mines.
 15372 | D:5      | Bought +1 gold dragon scales for 957 gold pieces
 15530 | D:11     | Found Sejuvvo's Gadget Emporium.
 15530 | D:11     | Noticed a brown ugly thing
 15540 | D:11     | Killed a brown ugly thing
 15614 | D:11     | Found Nuggai's Armour Boutique.
 15718 | D:11     | Noticed a red ugly thing
 15724 | D:11     | Killed a red ugly thing
 15725 | D:11     | Reached skill level 5 in Invocations
 15726 | D:11     | Noticed a red ugly thing
 15742 | D:11     | Killed a red ugly thing
 15899 | D:11     | Killed an unseen horror
 15985 | D:11     | Noticed a two-headed ogre
 15992 | D:11     | Killed a two-headed ogre
 16203 | Orc:1    | Entered Level 1 of the Orcish Mines
 16203 | Orc:1    | Noticed an orc sorcerer
 16208 | Orc:1    | Killed an orc sorcerer
 16369 | D:12     | Noticed a death knight
 16371 | D:12     | Noticed a skeletal warrior
 16672 | D:11     | Killed a skeletal warrior
 16673 | D:11     | Reached skill level 12 in Armour
 16673 | D:11     | Reached XP level 12. HP: 105/105 MP: 15/15
 16691 | D:12     | Killed a death knight
 16831 | D:12     | Noticed a two-headed ogre
 16847 | D:12     | Reached *** piety under Makhleb
 16855 | D:12     | Noticed a two-headed ogre
 17085 | D:11     | Killed a two-headed ogre
 17093 | D:11     | Killed a two-headed ogre
 17501 | D:12     | Reached skill level 10 in Fighting
 17650 | D:12     | Reached skill level 13 in Armour
 18333 | D:13     | Noticed a centaur warrior
 18359 | D:13     | Noticed a centaur warrior
 18492 | Orc:2    | Entered Level 2 of the Orcish Mines
 18577 | Orc:2    | Reached **** piety under Makhleb
 19267 | Orc:2    | Found a staircase to the Elven Halls.
 19922 | Orc:1    | Noticed an orc warlord
 20011 | Orc:2    | Killed an orc warlord
 20015 | Orc:2    | Reached ***** piety under Makhleb
 20345 | Orc:2    | Reached skill level 14 in Armour
 20575 | Orc:2    | Reached XP level 13. HP: 93/116 MP: 16/16
 21268 | Orc:1    | Noticed Gastronok
 21286 | Orc:1    | Killed Gastronok
 21529 | Orc:1    | Noticed Erica
 21533 | Orc:1    | Noticed an orc warlord
 21544 | Orc:1    | Killed Erica
 21553 | Orc:1    | Killed an orc warlord
 22146 | D:11     | Bought a +0 pair of boots of running for 378 gold pieces
 22146 | D:11     | Bought a +0 cloak of preservation for 138 gold pieces
 22235 | Lair:1   | Entered Level 1 of the Lair of Beasts
 22315 | Lair:1   | Reached skill level 15 in Armour
 22487 | Lair:1   | Reached ****** piety under Makhleb
 22657 | Lair:1   | Reached skill level 15 in Long Blades
 23146 | Lair:2   | Got a shimmering steel ring
 23245 | Lair:2   | Identified the ring of Hiad {*Tele rPois rN+ Dex-3} (You
                  | found it on level 2 of the Lair of Beasts)
 23621 | Lair:2   | Reached skill level 16 in Armour
 23706 | Lair:2   | Found a hole to the Spider Nest.
 23854 | Lair:3   | Reached XP level 14. HP: 129/129 MP: 17/17
 24746 | Lair:4   | Noticed Josephine
 24752 | Lair:4   | Killed Josephine
 24921 | Lair:4   | Found a runed translucent gate.
 24922 | Lair:4   | Found a runed translucent gate.
 24923 | Lair:4   | Found a runed translucent gate.
 24934 | Lair:4   | Noticed Kyusiynim's ghost (journeyman GnEn)
 25193 | Lair:4   | Found a staircase to the Swamp.
 25242 | Lair:4   | You fall into a shaft and drop 2 floors!
 25242 | Lair:6   | Entered Level 6 of the Lair of Beasts
 25381 | Lair:6   | Reached skill level 17 in Armour
 25873 | Lair:6   | Got a transparent plate armour
 25946 | Lair:6   | Reached XP level 15. HP: 70/139 MP: 18/18
 26208 | Lair:6   | Identified the +6 plate armour "Oprim" {rC+ Int+5} (You
                  | found it on level 6 of the Lair of Beasts)
 26673 | Lair:5   | Found a frozen archway.
 26719 | IceCv    | Entered an ice cave
 26753 | IceCv    | Reached skill level 15 in Fighting
 26899 | IceCv    | Got a crude pewter amulet
 27189 | Lair:5   | Found a shimmering altar of Xom.
 27331 | Lair:5   | Found a runed translucent door.
 27331 | Lair:5   | Found a viscous altar of Jiyva.
 27332 | Lair:5   | Noticed an azure jelly
 27332 | Lair:5   | Noticed an azure jelly
 27338 | Lair:5   | Found a staircase to the Slime Pits.
 27338 | Lair:5   | Noticed an azure jelly
 27532 | Lair:5   | Found a runed translucent door.
 27846 | Lair:5   | Got a spiked hat
 28405 | Lair:4   | HP: 6/136 [spectral komodo dragon (16)]
 28408 | Lair:4   | Killed Kyusiynim's ghost
 28428 | Lair:4   | Got a crude amethyst amulet
 28485 | Lair:4   | Identified the amulet "Pawaceli" {Spirit rElec rC+++ Dex-5
                  | SInv} (You found it in an ice cave)
 28495 | Lair:4   | Identified the amulet "Duehulle" {Regen+ Dex+5} (You found
                  | it on level 4 of the Lair of Beasts)
 28514 | Lair:4   | Identified the +2 hat of the Original Sin {-Cast Harm
                  | +Blink rN++} (You found it on level 5 of the Lair of
                  | Beasts)
 28577 | Spider:1 | Entered Level 1 of the Spider Nest
 28591 | Spider:1 | Reached skill level 1 in Evocations
 28651 | Spider:1 | Reached skill level 18 in Armour
 28740 | Spider:1 | HP: 1/141 [wolf spider (15)]
 28741 | Spider:1 | Slain by a wolf spider

Illustrated notes

Levels and vault maps discovered:
D:1:      enne_arrival_octagon_isle, layout_loops_ring
D:2:      layout_loops_ring, gammafunk_temple_overflow_pools,
          pdpol_wu_jian_five_deadly_venoms, led_sif_pool, uniq_terence
D:3:      layout_basic, marbit_many_paths, lemuel_doored_altar,
          chequers_serial_rivers_micro_a, uniq_sigmund
D:4:      layout_loops_ring, lemuel_coloured_pillars_altar,
          gammafunk_temple_overflow_arena, serial_shops, shop,
          saegor_snake_ambush
D:5:      layout_loops_ring, overflow_temple_1_default,
          nicolae_overflow_crystal_walls, tgw_fedhas, serial_shops,
          nicolae_shop_window_shopping, minmay_fractal_squares_diagonal_5,
          uniq_menkaure
D:6:      cheibrodos_two_vegetables, layout_cave_pods, uniq_maggie,
          uniq_grinder, uniq_eustachio
D:7:      wad_pebble_path, layout_loops_ring,
          grunt_temple_overflow_gold_and_silver, temple_green, bloody_makhleb,
          uniq_prince_ribbit1
D:8:      gammafunk_cloud_chamber, layout_basic, nicolae_ashenzari_panopticon
D:9:      layout_basic, lair_entry_dummy, uniq_grum
D:10:     layout_cave_pools, orc_0_dummy, serial_bayou_crossing
D:11:     layout_rooms, serial_shops, shop, kennysheep_mini,
          kb_lookout_dungeons_type
D:12:     layout_cave_pools
D:13:     layout_stronghold, david_vaults_1
Temple:   cyrus_temple_forest
Lair:1:   layout_hall_layers, grunt_forest_large_clearings, wad_woods_river_01
Lair:2:   layout_hall_layers, spider_nest_entry_funnel_web, serial_forest,
          infiniplex_forest_lined_room_3, infiniplex_forest_clump_medium,
          infiniplex_forest_end_3, infiniplex_forest_end_2,
          infiniplex_forest_lined_2, infiniplex_forest_straight_4,
          infiniplex_forest_clump_tiny, minmay_lair_oklob_items,
          lemuel_fruit_fields, lemuel_fruit_tree
Lair:3:   layout_hall_layers, serial_bayou_pond_e, ice2_lemuel,
          serial_bayou_shore_b
Lair:4:   layout_gridlike, palyth_hydra_swamp_entry, gammafunk_ghost_necromancy,
          uniq_josephine
Lair:5:   gammafunk_indiana_jones, layout_concentric_octagons, slime_altar_2,
          portal_ice_cave_entry_pillars_2, kb_xom_exploding_sheep
Lair:6:   hangedman_lair_in_review, layout_regular_city
Spider:1: layout_spider_delve
Orc:1:    layout_caves, minmay_orc_barracks, uniq_gastronok, uniq_erica
Orc:2:    kennysheep_orc_mage_school, layout_diamond_mine

Skill      XL: |  1  2  3  4  5  6  7  8  9 10 11 12 13 14 15 |
---------------+----------------------------------------------+-----
Long Blades    | 4 5 6 7 8 9 10 11 13 14 15 16 | 16.8
Fighting       | 3 4 5 6 7 9 11 13 14 15 | 15.5
Armour         | 2 3 4 6 8 9 11 12 14 16 17 18 | 18.1
Stealth        | 1 2 3 |  3.2
Dodging        | 4 5 |  5.6
Bows           | 5 6 7 |  7.8
Invocations    | 3 5 6 7 |  7.7
Evocations     | 1 |  1.7
Throwing       | |  2.0

Action                   |  1- 3 |  4- 6 |  7- 9 | 10-12 | 13-15 || total
-------------------------+-------+-------+-------+-------+-------++-------
Melee: Long sword        |    74 |    79 |   234 |   627 |   100 ||  1114
       Headbutt          |    11 |    17 |    60 |   157 |   252 ||   497
       Falchion          |       |       |       |    22 |       ||    22
       Scimitar          |       |       |       |       |   890 ||   890
 Fire: Shortbow          |       |       |    85 |     8 |       ||    93
       Longbow           |       |       |       |    38 |       ||    38
Throw: Dart              |       |       |       |     1 |       ||     1
 Abil: Evoke Flight      |       |       |       |       |     3 ||     3
  Use: Potion            |       |     1 |       |     8 |     6 ||    15
       Scroll            |       |       |    23 |     8 |    14 ||    45
 Stab: Petrified         |       |       |       |       |     4 ||     4
Armor: Leather armour    |    11 |       |       |       |       ||    11
       Chain mail        |       |    51 |   131 |   143 |       ||   325
       Swamp dragon scal |       |       |       |     5 |       ||     5
       Gold dragon scale |       |       |       |   370 |  1102 ||  1472
Dodge: Dodged            |    41 |    59 |   134 |   286 |   402 ||   922
       Rpst.: Long sword |    14 |    18 |    39 |    62 |     7 ||   140
       Falchion          |       |       |       |     1 |       ||     1
       Scimitar          |       |       |       |       |    96 ||    96
